 Dungeon Crawl Stone Soup version 0.31-a0-232-gb1c03b2570 (webtiles) character file.

Game seed: 16215854475608683354

45 qw the Shooter (level 3, -1/21 HPs)
             Began as a Gargoyle Hexslinger on July 7, 2023.
             Killed from afar by Sigmund (4 damage)
             ... with a puff of flame
             ... on level 3 of the Dungeon.
             The game lasted 00:00:29 (1434 turns).

qw the Shooter (Gargoyle Hexslinger)                Turns: 1434, Time: 00:00:30

Health: -1/21      AC:  9    Str: 11    XL:     3   Next: 64%
Magic:  4/4        EV: 10    Int: 13    God:
Gold:   86         SH:  0    Dex: 14    Spells: 3/4 levels left

rFire   . . .        Y - +1 sling
rCold   . . .        (no shield)
rNeg    + . .        e - +0 ring mail
rPois   inf          (no helmet)
rElec   +            (no cloak)
rCorr   .            (no gloves)
SInv    .            a - +0 pair of boots
Will    .....        (no amulet)
Stlth   +            (no ring)
HPRegen 0.23/turn    (no ring)
MPRegen 0.09/turn

%: no passive effects
@: no status effects
A: sickness immunity, AC +3, negative energy resistance 1, electricity
resistance, torment resistance 1, petrification resistance
a: no special abilities


You were on level 3 of the Dungeon.
You visited 1 branch of the dungeon, and saw 3 of its levels.

You collected 86 gold pieces.


Innate Abilities, Weirdness & Mutations

You are immune to sickness and miasma.
Your stone body is resilient. (AC +3)
You are immune to poison.
You resist negative energy. (rN+)
You are resistant to electric shocks. (rElec)
You are resistant to unholy torment.
You are immune to petrification.


   Skills:
 - Level 2.3 Fighting
 + Level 3.1 Ranged Weapons
 - Level 1.0 Armour
 - Level 1.5 Dodging
 - Level 1.0 Spellcasting
 - Level 2.6 Hexes


You had 3 spell levels left.
You knew the following spells:

 Your Spells              Type           Power      Damage    Failure   Level
a - Slow                  Hex            28%        N/A       22%         1

Your spell library contained the following spells:

 Spells                   Type           Power      Damage    Failure   Level
 Inner Flame              Hex/Fire       4%         N/A       75%         3
 Portal Projectile        Hex/Tloc       8%         N/A       75%         3
 Cause Fear               Hex            3%         N/A       91%         4

Inventory:

Hand Weapons
 Y - a +1 sling (weapon)
Armour
 a - a +0 pair of boots (worn)
 e - a +0 ring mail (worn)
Jewellery
 d - a ring of ice
Potions
 h - a potion of heal wounds {unknown}
 i - a potion of cancellation {unknown}
 j - a potion of mutation {unknown}
 k - a potion of haste {unknown}

Dungeon Overview and Level Annotations

Branches:
Dungeon (3/15)

Altars:
Gozag

Annotations:
D:1 1 runed translucent door
D:3 Sigmund


Message History

Deactivating autopickup; reactivate with Ctrl-A.
The adder bites you.
You shoot a sling bullet. The sling bullet hits the adder.
The adder is almost dead.
Something hits you but does no damage. The adder bites you but does no damage.
You shoot a sling bullet. The sling bullet misses the adder.
The adder bites you but does no damage. Something hits you but does no damage.
The adder bites you but does no damage.
You shoot a sling bullet. The sling bullet hits the adder.
You kill the adder!
You hear some strange, mumbled words.
A puff of flame appears from out of thin air!
The puff of flame hits you.
Your Armour skill increases to level 1!
You shoot a sling bullet.
The sling bullet barely misses the quokka.
The quokka bites you but does no damage.
Something hits you but does no damage. The quokka bites you.
You shoot a sling bullet. The sling bullet misses the quokka.
Something hits you. The quokka completely misses you.
You shoot a sling bullet.
The sling bullet closely misses the quokka.
The quokka closely misses you. Something hits you but does no damage.
The quokka bites you but does no damage.
You shoot a sling bullet. The sling bullet hits the quokka!
You kill the quokka!
Something hits you but does no damage.
You shoot a sling bullet. Something hits you but does no damage.
You shoot a sling bullet. Something hits you but does no damage.
You shoot a sling bullet. Something hits you.
You shoot a sling bullet. Something hits you.
You shoot a sling bullet.
You hear some strange, mumbled words.
A puff of flame appears from out of thin air!
The puff of flame hits you.
You die...

#####
#<..#
###.# #@#
...(.{%.#
......###
.<....
.....
.....
.... ....


There were no monsters in sight!

Vanquished Creatures
  2 adders
  3 endoplasms
  A giant cockroach (D:1)
  2 jackals (D:1)
  2 quokkas
  2 ball pythons
  3 bats
  3 frilled lizards (D:1)
  3 goblins
  A kobold (D:1)
  7 rats
29 creatures vanquished.

Notes
Turn   | Place    | Note
-------+----------+-------------------------------------------
     0 | D:1      | qw the Gargoyle Hexslinger began the quest for the Orb.
     0 | D:1      | Reached XP level 1. HP: 12/12 MP: 2/2
     0 | D:1      | 0 ||| qw: Version: 0.3-a-46-gb1f654a
     0 | D:1      | 0 ||| qw: Game counter: 2588
     0 | D:1      | 0 ||| qw: Melee chars always use a shield: true
     0 | D:1      | 0 ||| qw: God list: Okawaru
     0 | D:1      | 0 ||| qw: Allow faded altars: false
     0 | D:1      | 0 ||| qw: Do Orc after clearing Dungeon:15 true
     0 | D:1      | 0 ||| qw: Do second Lair branch before Depths: true
     0 | D:1      | 0 ||| qw: Lair rune preference: random
     0 | D:1      | 0 ||| qw: Goals: Normal
     0 | D:1      | 0 ||| PLANNING D:1-11
     1 | D:1      | Found a runed translucent door.
   203 | D:1      | Reached XP level 2. HP: 14/16 MP: 3/3
   322 | D:1      | Found a faded altar of an unknown god.
   373 | D:1      | Reached skill level 3 in Ranged Weapons
   668 | D:1      | 668 ||| UPGRADING to +0 ring mail.
   678 | D:1      | 678 ||| DROPPING +0 robe.
   679 | D:1      | 679 ||| READING scroll labelled VESUCR GIJAT.
   680 | D:1      | 680 ||| READING scroll labelled NOF IHUZIB.
   681 | D:1      | 681 ||| DROPPING scroll of poison.
   699 | D:2      | 699 ||| STAIRDANCE
   848 | D:2      | Found an opulent altar of Gozag.
   915 | D:2      | Reached XP level 3. HP: 19/21 MP: 4/4
  1368 | D:2      | 1368 ||| UPGRADING to +0 pair of boots.
  1373 | D:2      | 1373 ||| READING scroll labelled XIAWIR ALAIMMI.
  1418 | D:3      | Noticed Sigmund
  1426 | D:3      | Reached skill level 1 in Armour
  1433 | D:3      | HP: 3/21 [something (4)]
  1434 | D:3      | Killed from afar by Sigmund

Levels and vault maps discovered:
D:1:      dpeg_arrival_caged_fury, layout_loops_ring,
          chequers_ecumenical_altar_island
D:2:      layout_rooms, serial_co_window_serial, co_window_corner_a,
          co_window_corner_a, co_window_paths_a, co_window_corner_a,
          co_window_corner_a, co_window_paths_c, co_window_corner_b,
          co_window_unsneaky_path_e, co_window_of_opportunity_c,
          co_window_corner_cb, co_window_broadway_b, co_window_paths_d,
          basic_altar
D:3:      minmay_angry_zag, layout_basic, grunt_temple_overflow_open,
          serial_bayou_crossing, uniq_sigmund, uniq_pargi

Skill      XL: |  1  2  3 |
---------------+----------+-----
Ranged Weapons | 3 |  3.1
Fighting       | 2 |  2.3
Armour         | 1 |  1.0
Dodging        | |  1.5
Spellcasting   | |  1.0
Hexes          | |  2.6

Action                     || total
---------------------------++-------
   Fire: Sling             ||   110
    Use: Scroll            ||     3
 Armour: Robe              ||    11
         Ring mail         ||    25
  Dodge: Dodged            ||    45

Table legend:
 A = Non-vault XP
 B = Vault XP
 C = Vault XP percentage of total XP
 D = Non-vault monster count
 E = Vault monster count
 F = Vault count percentage of total count
                 A         B        C        D         E       F
            +---------+---------+-------+---------+---------+-------
      Total |      65 |       0 |   0.0 |      29 |       0 |   0.0
            +---------+---------+-------+---------+---------+-------
        D:1 |      27 |       0 |   0.0 |      19 |       0 |   0.0
        D:2 |      23 |       0 |   0.0 |       8 |       0 |   0.0
        D:3 |      15 |       0 |   0.0 |       2 |       0 |   0.0
            +---------+---------+-------+---------+---------+-------
